 Dungeon Crawl Stone Soup version 0.30-a0-881-g1ff12e1e11 (webtiles) character file.

Game seed: 10088004563445096178

1673143 cheesebisquit the Metallomancer (level 27, 171/171 HPs)
             Began as a Gargoyle Earth Elementalist on Mar 14, 2023.
             Was the Champion of Vehumet.
             Escaped with the Orb
             ... and 3 runes!
             The game lasted 05:17:30 (68871 turns).

cheesebisquit the Metallomancer (GrEE)             Turns: 68871, Time: 05:17:31

Health: 171/171    AC: 51    Str: 18    XL:     27
Magic:  53/53      EV: 18    Int: 51    God:    Vehumet [******]
Gold:   3743       SH: 18    Dex: 16    Spells: 11/61 levels left

rFire   + . .      SeeInvis +    I - staff of earth
rCold   . . .      Faith    .    h - +5 kite shield {reflect}
rNeg    + + .      Spirit   .    q - +6 faerie dragon scales {rN+ rCorr Int+4}
rPois   ∞          Reflect  +    i - +2 hat
rElec   +          Rampage  .    D - +1 cloak of Tulips {Dex+6}
rCorr   +                        O - +4 pair of gloves of the Wilderness {MP+9 Int+6}
Will    +++..                    H - +1 pair of boots of the Lotus Blossom {Str+5}
Stlth   +                        L - amulet of Vitality {RegenMP++ Regen++}
HPRegen 2.08/turn                J - ring "Abaik" {rF+ Int+6 Slay-4 SInv}
MPRegen 1.13/turn                N - +6 ring of intelligence

@: flying, studying Unarmed Combat
A: sickness immunity, AC +20, big wings, negative energy resistance 1,
electricity resistance, torment resistance 1, petrification resistance, horns 1,
strong-willed 1
0: Orb of Zot
}: 3/15 runes: decaying, silver, gossamer
a: Renounce Religion


You escaped.
You worshipped Vehumet.
Vehumet was exalted by your worship.
You visited 11 branches of the dungeon, and saw 53 of its levels.
You visited the Abyss 2 times.
You also visited: Bailey.

You collected 9096 gold pieces.
You spent 5353 gold pieces at shops.

Inventory:

Hand Weapons
 a - a +2 morningstar of freezing
Missiles
 c - 7 silver javelins
 e - 3 throwing nets
 F - 8 curare-tipped darts
 V - 10 datura-tipped darts
 X - 45 poisoned darts
 Y - 6 atropa-tipped darts
Armour
 h - a +5 kite shield of reflection (worn)
 i - a +2 hat (worn)
 q - the +6 faerie dragon scales (worn) {rN+ rCorr Int+4}
   (You took it off the Enchantress on level 1 of the Depths)

   Int:       It affects your intelligence (+4).
   rN:        It protects you from negative energy.
   rCorr:     It protects you from acid and corrosion.
 y - a +3 scale mail of fire resistance
 B - a +2 tower shield
 D - the +1 cloak of Tulips (worn) {Dex+6}
   (You found it on level 3 of the Elven Halls)

   Dex:       It affects your dexterity (+6).
 H - the +1 pair of boots of the Lotus Blossom (worn) {Str+5}
   (You found it on level 1 of the Swamp)

   Str:       It affects your strength (+5).
 O - the +4 pair of gloves of the Wilderness (worn) {MP+9 Int+6}
   (You found it on level 2 of the Spider Nest)

   Int:       It affects your intelligence (+6).
   MP:        It affects your magic capacity (+9).
Magical Staves
 I - a staff of earth (weapon)
Jewellery
 j - the ring "Iphusajiti" {rElec rPois rF+ SInv}
   (You found it on level 3 of the Elven Halls)

   [ring of see invisible]

   rF:        It protects you from fire.
   rElec:     It insulates you from electricity.
   rPois:     It protects you from poison.
   SInv:      It lets you see invisible.
 J - the ring "Abaik" (left hand) {rF+ Int+6 Slay-4 SInv}
   (You bought it in a shop on level 3 of the Elven Halls)

   [ring of protection from fire]

   Int:       It affects your intelligence (+6).
   Slay:      It affects your accuracy & damage with ranged weapons and melee
   (-4).
   rF:        It protects you from fire.
   SInv:      It lets you see invisible.
 L - the amulet of Vitality (around neck) {RegenMP++ Regen++}
   (You acquired it on level 10 of the Dungeon)

   [amulet of magic regeneration]

   It increases your rate of magic regeneration.
   Regen:     It increases your rate of health regeneration.
 M - an amulet of faith
 N - a +6 ring of intelligence (right hand)
 T - the ring of Qaockaqe {Contam rF+ Int+5}
   (You acquired it on level 4 of the Realm of Zot)

   [ring of protection from fire]

   Int:       It affects your intelligence (+5).
   rF:        It protects you from fire.
   Contam:    It causes magical contamination when unequipped.
Wands
 b - a wand of flame (103)
 p - a wand of paralysis (18)
 z - a wand of polymorph (25)
 A - a wand of digging (26)
 E - a wand of quicksilver (15)
 P - a wand of mindburst (22)
 Z - a wand of iceblast (25)
Scrolls
 d - 3 scrolls of silence
 g - 17 scrolls of teleportation
 m - 16 scrolls of magic mapping
 o - 8 scrolls of vulnerability
 r - 12 scrolls of fear
 t - 10 scrolls of poison
 u - 4 scrolls of torment
 v - 6 scrolls of fog
 G - 10 scrolls of blinking
 K - 3 scrolls of butterflies
Potions
 f - 9 potions of cancellation
 k - 6 potions of ambrosia
 l - 11 potions of lignification
 n - 12 potions of mutation
 s - 11 potions of heal wounds
 w - 30 potions of curing
 x - a potion of resistance
 Q - 11 potions of might
 R - 4 potions of invisibility
 S - 13 potions of attraction
 U - 2 potions of brilliance
 W - 12 potions of haste
Miscellaneous
 C - a phial of floods


   Skills:
 + Level 17.1 Fighting
 + Level 13.5 Staves
 + Level 18.9 Armour
 + Level 13.3 Dodging
 - Level 5.0 Stealth
 - Level 13.5 Shields
 + Level 17.5 Spellcasting
 * Level 22.8 Conjurations
 - Level 0.7 Transmutations
 + Level 25.9 Earth Magic
 + Level 12.4 Evocations


You had 11 spell levels left.
You knew the following spells:

 Your Spells              Type           Power      Damage    Failure   Level
a - Shatter               Erth           84%        3d61*     1%          9
d - Passwall              Tmut/Erth      100%       N/A       0%          2
e - Fulminant Prism       Conj/Hex       51%        3d23      1%          4
f - Iskenderun's Mystic   Conj/Tloc      100%       2d19      1%          4
g - Hailstorm             Conj/Ice       100%       3d20      1%          3
h - Iron Shot             Conj/Erth      82%        9d15      0%          6
i - Lehudib's Crystal Sp  Conj/Erth      82%        10d18     1%          8
j - Leda's Liquefaction   Hex/Erth       66%        N/A       1%          4
x - Lee's Rapid Deconstr  Erth           84%        3d37*     0%          5
z - Iskenderun's Battles  Conj           100%       2d15      0%          5

Your spell library contained the following spells:

 Spells                   Type           Power      Damage    Failure   Level
 Foxfire                  Conj/Fire      100%       2x1d9     0%          1
 Magic Dart               Conj           100%       1d8       0%          1
 Sandblast                Erth           100%       2d20      0%          1
 Searing Ray              Conj           100%       2d8       0%          2
 Static Discharge         Conj/Air       100%       2-7/arc   0%          2
 Stone Arrow              Conj/Erth      100%       3d13      0%          3
 Apportation              Tloc           88%        N/A       1%          1
 Freeze                   Ice            100%       1d10      1%          1
 Necrotise                Necr           100%       1d9       1%          1
 Slow                     Hex            100%       N/A       1%          1
 Sting                    Tmut/Pois      100%       1d8       1%          1
 Summon Small Mammal      Summ           100%       N/A       1%          1
 Ensorcelled Hibernation  Hex/Ice        88%        N/A       1%          2
 Poisonous Vapours        Pois/Air       88%        N/A       1%          2
 Frozen Ramparts          Ice            88%        1d14      1%          3
 Kindle Blastsparks       Fire/Tloc/Air  88%        2d17      1%          3
 Mephitic Cloud           Conj/Pois/Air  89%        N/A       1%          3
 Animate Armour           Summ/Erth      100%       N/A       1%          4
 Petrify                  Tmut/Erth      100%       N/A       1%          4
 Arcjolt                  Conj/Air       51%        1d61      1%          5
 Fireball                 Conj/Fire      51%        3d20      1%          5
 Irradiate                Conj/Tmut      52%        3d29      1%          5
 Lightning Bolt           Conj/Air       51%        1d72      1%          5
 Conjure Ball Lightning   Conj/Air       51%        3x3d18    1%          6
 Starburst                Conj/Fire      51%        6d14      1%          6
 Orb of Destruction       Conj           67%        9d16      1%          7
 Confusing Touch          Hex            44%        N/A       2%          3
 Gell's Gravitas          Tloc           44%        N/A       2%          3
 Ozocubu's Armour         Ice            44%        N/A       2%          3
 Spider Form              Tmut/Pois      48%        N/A       2%          3
 Swiftness                Air            44%        N/A       2%          3
 Teleport Other           Tloc           44%        N/A       2%          3
 Vampiric Draining        Necr           44%        2d9       2%          3
 Vhi's Electric Charge    Tloc/Air       88%        N/A       2%          3
 Yara's Violent Unravell  Hex/Tmut       24%        3d11      6%          5
 Ice Form                 Ice/Tmut       48%        N/A       8%          4
 Anguish                  Hex/Necr       22%        N/A       9%          4
 Dispel Undead            Necr           44%        3d17      9%          4
 Manifold Assault         Tloc           44%        N/A       9%          4
 Passage of Golubria      Tloc           44%        N/A       9%          4
 Summon Ice Beast         Ice/Summ       44%        N/A       9%          4
 Blade Hands              Tmut           25%        N/A       19%         5
 Alistair's Intoxication  Tmut/Pois      32%        N/A       22%         5
 Silence                  Hex/Air        22%        N/A       24%         5
 Summon Mana Viper        Hex/Summ       44%        N/A       24%         5
 Death Channel            Necr           22%        N/A       80%         6
 Dispersal                Tloc           22%        N/A       80%         6
 Simulacrum               Ice/Necr       22%        N/A       80%         6
 Ozocubu's Refrigeration  Ice            22%        4d12      85%         7
 Chain Lightning          Conj/Air       51%        3d68      87%         9
 Fire Storm               Conj/Fire      51%        8d13      87%         9
 Dragon Form              Tmut           25%        N/A       99%         7
 Enfeeble                 Hex            22%        N/A       100%        7
 Monstrous Menagerie      Summ           22%        N/A       100%        7
 Summon Hydra             Summ           22%        N/A       100%        7
 Disjunction              Tloc           22%        N/A       100%        8
 Maxwell's Capacitive Co  Air            22%        ∞         100%        8
 Cigotuvi's Dreadful Rot  Necr/Pois/Air  Unusable   N/A       N/A         2
 Sublimation of Blood     Necr           Unusable   N/A       N/A         2
 Statue Form              Tmut/Erth      Unusable   N/A       N/A         6

Dungeon Overview and Level Annotations

Branches:
Dungeon (15/15)            Temple (1/1) D:7            Lair (5/5) D:9
  Swamp (4/4) Lair:2       Spider (4/4) Lair:3        Slime (5/5) Lair:4
    Orc (2/2) D:11            Elf (3/3) Orc:2        Vaults (5/5) D:13
  Crypt (0/3) Vaults:2     Depths (4/4) D:15            Zot (5/5) Depths:4
 Bailey (visited)

Altars:
Ashenzari
Cheibriados
Dithmenos
Elyvilon
Fedhas
Gozag
Hepliaklqana
Kikubaaqudgha
Makhleb
Nemelex Xobeh
Okawaru
Qazlal
Ru
Sif Muna
Trog
Uskayaw
Vehumet
Wu Jian
Xom
Yredelemnul
Zin
The Shining One
Jiyva

Shops:
D:6 =*   D:9 *   D:10 (**(   D:11 [(   D:12 !   D:13 !   Orc:2 *?=*   Elf:1 !
Elf:2 *   Elf:3 :=   Vaults:5 *   Depths:2 ?*?:

Portals:
Hell: Depths:1 Depths:2 Depths:3 Depths:4
Abyss: Depths:3
Pandemonium: Depths:2
Ziggurat: Depths:1

Annotations:
Slime:5 Royal Jelly
Zot:5 3 runed translucent doors, Vaid's ghost, master GnFi; Voulohy's ghost, veteran TrCK


Innate Abilities, Weirdness & Mutations

You are immune to sickness and miasma.
Your stone body is resilient. (AC +20)
You are immune to poison.
Your large and strong wings let you fly.
You resist negative energy. (rN+)
You are resistant to electric shocks. (rElec)
You are resistant to unholy torment.
You are immune to petrification.
You have a pair of small horns on your head.
You are strong-willed. (Will+)


Message History

The red devil closely misses you.
You finish merging with the rock.
There is a stone staircase leading up here.
You fly upwards.
There is a stone staircase leading down here.
Casting: Passwall (safe; 0% risk of failure)
Confirm with . or Enter, or press ? or * to list all spells.
Aiming: Passwall (safe; 0% risk of failure)
Press: ? - help, Dir - move target A rock wall.
This square is covered in magical glow.
You feel a surge of power!
You begin to meditate on the wall.
You continue meditating on the rock.
Magic restored.
You continue meditating on the rock. x2
You finish merging with the rock.
There is a stone staircase leading up here.
You fly upwards.
There is a stone staircase leading down here.
Casting: Passwall (safe; 0% risk of failure)
Confirm with . or Enter, or press ? or * to list all spells.
Aiming: Passwall (safe; 0% risk of failure)
Press: ? - help, Dir - move target A rock wall.
This square is covered in magical glow.
You feel a surge of power!
You begin to meditate on the wall.
You continue meditating on the rock.
Magic restored.
You continue meditating on the rock. x2
You finish merging with the rock.
Casting: Passwall (safe; 0% risk of failure)
Confirm with . or Enter, or press ? or * to list all spells.
Aiming: Passwall (safe; 0% risk of failure)
Press: ? - help, Dir - move target A rock wall.
This square is covered in magical glow.
You feel a surge of power!
You begin to meditate on the wall.
You continue meditating on the rock. x3
You finish merging with the rock.
You have escaped!

#...#...........##### #.#
#####.#...#########..## #.#
#.....#..##...#.(.##..## #.#
##.......##.#######.##..# #..
#.......##.##.....##.##.# ###
#......[#.##.#####.##.'.##
#.......#.#.##...##.#.#..####
#.##.##.#.#.#.#.#.#.#.#.....#
#.##.##.#.#.###@#.#.#.#.###.#
##.##.##.#.#.#.###.###.#.# #.#
...##....'.#.##...#'.#.#.#
#.####
.####.#..#.##.#####.##.#.#
#..... .#
#.#..##.##.....##.##.# #.####
.# #.##..##.###'###.##..# #.#
.####.###..##.......##..## #.#
............#########..#####.##
.##...#####...................#


There were no monsters in sight!

Vanquished Creatures
  A dread lich (Zot:5)
  4 orbs of fire
  4 ancient liches
  The ghost of Henlumuh the Gelid, a veteran NaIE of Vehumet (Vaults:1)
  Bai Suzhen (Spider:4)
  8 Killer Klowns (Zot:5)
  4 curse toes
  Margery (Vaults:2)
  A caustic shrike (Depths:2)
  10 golden dragons
  the Enchantress (Depths:1)
  The ghost of FexLirch the Imperceptible, a veteran SpEn of Dithmenos (Zot:3)
  Arachne (Spider:4)
  5 electric golems
  A Hell Sentinel (Zot:3)
  A hellephant (Vaults:2)
  Zenata (Elf:2)
  11 tentacled monstrosities
  2 walking crystal tomes (Depths:3)
  Rupert (Lair:4)
  26 Orb Guardians (Zot:5)
  3 deep elf blademasters
  2 liches (Depths:2)
  7 titans
  2 deep elf master archers (Elf:3)
  A tentacled starspawn (Abyss:3)
  A walking frostbound tome (Depths:3)
  6 quicksilver dragons
  4 sphinxes
  Frances (D:12)
  11 acid blobs
  6 death cobs
  Roxanne (Swamp:2)
  Agnes (Spider:4)
  7 shadow dragons
  22 storm dragons
  7 azure jellies
  Kirke (Swamp:1)
  Donald (Swamp:2)
  5 tengu reavers
  6 rockslimes
  10 draconian monks
  11 deep elf sorcerers
  6 fire giants
  3 iron dragons
  4 draconian knights
  Aizul (Depths:1)
  8 emperor scorpions
  5 frost giants
  2 balrugs
  22 vault wardens
  A deep elf elementalist (Elf:3)
  8 ghost moths
  A cacodemon (Abyss:3)
  5 draconian scorchers
  4 draconian stormcallers
  9 draconian shifters
  Louise (Spider:4)
  10 draconian annihilators
  5 spriggan defenders
  An orc warlord (Vaults:2)
  22 very ugly things
  2 ghouls (Swamp:4)
  12 ironbound preservers
  4 broodmothers
  16 stone giants
  4 eleionomae
  3 vampire knights
  5 quicksilver oozes
  10 black draconians
  19 purple draconians
  9 white draconians
  8 deep elf demonologists
  8 ironbound thunderhulks
  10 green draconians
  11 deep elf annihilators
  5 bunyips
  14 dire elephants
  2 lorocyprocas
  20 yellow draconians
  16 red draconians
  Azrael (Elf:1)
  A spark wasp (Spider:4)
  A crystal guardian (Vaults:1)
  2 green deaths
  2 merfolk javelineers (Depths:1)
  Josephine (D:12)
  A blizzard demon (Abyss:3)
  10 ettins
  4 deep elf death magi (Elf:3)
  4 deep elf high priests
  7 fire dragons
  5 entropy weavers
  2 rakshasas
  8 yaktaur captains
  The ghost of patfeehan111222 the Basher, a journeyman MiBe of Trog (D:9)
  9 great orbs of eyes
  A peacekeeper (Vaults:1)
  9 hydras
  33 vault guards
  An ogre mage (D:15)
  3 radroaches
  A merfolk avatar (Lair:5)
  8 spriggan air magi
  15 ice dragons
  8 centaur warriors
  A ghost crab (Swamp:4)
  A catoblepas (Lair:4)
  A jorogumo (Spider:4)
  9 alligators
  6 boulder beetles
  13 ironbound frosthearts
  A spriggan skeleton (Depths:1)
  30 dancing weapons
  2 deep troll shamans (Depths:1)
  4 tengu warriors
  2 deep troll earth magi (Depths:1)
  4 orc high priests
  9 two-headed ogres
  16 death yaks
  23 hell knights
  7 spriggan berserkers
  Urug (D:13)
  19 deep elf knights
  2 skeletal warriors (Vaults:2)
  A soul eater (D:4)
  18 spriggans
  2 sun demons (Zot:1)
  3 skysharks
  A storm dragon skeleton (Vaults:2)
  3 goliath frogs
  A goliath frog (shapeshifter) (Vaults:5)
  2 sun moths (Spider:3)
  2 wretched stars (Abyss:3)
  3 spriggan druids
  A golden dragon zombie (Depths:1)
  A fire crab (Abyss:3)
  4 pharaoh ants
  A death drake (Swamp:2)
  6 glowing orange brains
  3 swamp dragons
  5 steelbarb worms (Spider:4)
  27 deep trolls
  A flayed ghost (Depths:3)
  9 deep elf archers
  13 orb spiders
  Pikel (D:4)
  A bog body (Swamp:3)
  15 wizards
  6 phantasmal warriors
  7 necromancers
  12 wolf spiders
  29 deep elf pyromancers
  19 lindwurms
  8 starcursed masses (Abyss:3)
  6 orc knights
  36 deep elf zephyrmancers
  A stone giant zombie (Vaults:1)
  50 ugly things
  4 harpies (Vaults:1)
  24 ironbound convokers
  9 cyclopes
  A shadow demon (Depths:2)
  6 manticores
  An oklob plant (D:11)
  5 orc sorcerers
  7 shining eyes
  4 will-o-the-wisps
  A salamander (shapeshifter) (D:15)
  33 moths of wrath
  A salamander (D:15)
  A frost giant zombie (Depths:1)
  A sphinx skeleton (Vaults:2)
  An apocalypse crab (Abyss:3)
  3 black mambas
  A black mamba (shapeshifter) (Elf:1)
  An eye of devastation (Slime:2)
  25 vault sentinels
  A fire giant skeleton (Vaults:2)
  13 elephants
  A guardian serpent (shapeshifter) (D:15)
  3 stone giant skeletons (Vaults:2)
  9 demonic crawlers
  3 gargoyles
  6 cane toads
  An unseen horror (D:12)
  3 torpor snails
  A rime drake (shapeshifter) (D:15)
  3 rime drakes
  Psyche (D:12)
  3 kobold demonologists
  5 freezing wraiths
  2 komodo dragons
  5 tengu conjurers
  28 yaktaurs
  2 ancient zymes (Abyss:3)
  4 trolls
  A queen bee (shapeshifter) (D:14)
  3 meliai
  2 red devils
  6 tyrant leeches
  A merfolk (shapeshifter) (Vaults:5)
  2 polar bears (Lair:5)
  A merfolk (D:14)
  16 hornets
  A hellwing (Abyss:3)
  A blink frog (shapeshifter) (D:13)
  3 wind drakes (Lair:5)
  18 tarantellas
  A snapping turtle (shapeshifter) (Depths:2)
  A wind drake (shapeshifter) (D:15)
  14 blink frogs
  A spriggan zombie (Depths:1)
  117 slime creatures
  A frost giant simulacrum (Depths:1)
  24 jumping spiders
  2 snapping turtles (Lair:5)
  2 large abominations (Abyss:3)
  18 culicivoras
  A ynoxinul (Zot:5)
  A vampire (D:11)
  A shadow (D:11)
  4 ettin skeletons
  8 water elementals
  2 air elementals
  41 yaks
  16 humans (D:12)
  7 wraiths
  13 golden eyes
  3 wyverns
  4 fire elementals
  A basilisk (Lair:1)
  5 hogs
  A redback (shapeshifter) (Vaults:1)
  5 swamp worm simulacra (Swamp:4)
  3 steam dragons
  37 redbacks
  15 vampire mosquitoes
  A neqoxec (D:12)
  Menkaure (D:4)
  11 swamp worms
  15 hydra simulacra (Swamp:4)
  A floating eye (Slime:2)
  Duvessa (D:4)
  4 acid dragons
  A floating eye (shapeshifter) (Vaults:5)
  4 swamp drakes
  7 water moccasins
  29 orc warriors
  2 glowing shapeshifter skeletons
  A spriggan simulacrum (Depths:1)
  3 ice beasts
  A black bear (D:4)
  An ettin simulacrum (Depths:1)
  4 sky beasts
  6 ogres
  A wolf (Lair:2)
  9 boggarts (Vaults:1)
  8 human skeletons
  23 centaurs
  A kobold brigand (D:8)
  Blork the orc (D:4)
  15 bullfrogs
  2 gnoll sergeants
  3 necrophages (Swamp:4)
  3 scorpions
  A scorpion (shapeshifter) (Vaults:4)
  3 earth elementals
  3 wights (D:10)
  Dowan (D:4)
  12 killer bees
  6 electric eels
  3 howler monkeys
  13 orc priests
  5 jellies
  2 hounds
  Crazy Yiuf (D:7)
  An iron imp (Abyss:3)
  A sleepcap (D:4)
  Natasha (thrice) (D:4)
  5 iguanas
  Ijyb (D:3)
  17 orc wizards
  A mummy (D:5)
  Robin (D:2)
  6 gnolls
  9 adders
  3 swamp drake simulacra (Swamp:4)
  A worm (D:2)
  2 dart slugs
  73 orcs
  4 ball pythons
  4 bats
  4 endoplasms
  A giant cockroach (D:2)
  14 goblins
  8 hobgoblins
  7 jackals
  4 frilled lizards
  A goblin zombie (D:5)
  10 kobolds
  An orc zombie (D:5)
  2 rats (D:2)
  5 bushes (D:11)
  2 starspawn tentacles (Abyss:3)
2112 creatures vanquished.

Vanquished Creatures (others)
  A redback (Spider:3)
  A swamp worm (Swamp:4)
  An orc (Orc:2)
  14 fulminant prisms
  12 fungi
  69 plants
  4 tentacles (Abyss:3)
102 creatures vanquished.

Grand Total: 2214 creatures vanquished

Notes
Turn   | Place    | Note
-------+----------+-------------------------------------------
     0 | D:1      | cheesebisquit the Gargoyle Earth Elementalist began the
                  | quest for the Orb.
     0 | D:1      | Reached XP level 1. HP: 10/10 MP: 3/3
   451 | D:1      | Reached skill level 4 in Earth Magic
   451 | D:1      | Reached XP level 2. HP: 15/15 MP: 1/5
   948 | D:2      | Noticed Robin
   953 | D:2      | Killed Robin
   954 | D:2      | Reached XP level 3. HP: 19/19 MP: 0/7
  1051 | D:2      | Reached XP level 4. HP: 24/24 MP: 0/8
  1192 | D:2      | Reached skill level 5 in Earth Magic
  1220 | D:2      | Learned a level 3 spell: Stone Arrow
  1225 | D:2      | Learned a level 4 spell: Petrify
  1285 | D:2      | Found a faded altar of an unknown god.
  1897 | D:3      | Found an iron altar of Okawaru.
  2196 | D:3      | Found a glowing silver altar of Zin.
  2224 | D:3      | Found a bloodstained altar of Trog.
  2468 | D:3      | Noticed Ijyb
  2482 | D:3      | Killed Ijyb
  2483 | D:3      | Reached XP level 5. HP: 7/28 MP: 8/10
  2811 | D:4      | Noticed a black bear
  2920 | D:4      | Killed a black bear
  2921 | D:4      | Reached skill level 6 in Earth Magic
  2924 | D:4      | Learned a level 2 spell: Passwall
  3017 | D:4      | Noticed Blork the orc
  3020 | D:4      | Killed Blork the orc
  3021 | D:4      | Reached XP level 6. HP: 32/32 MP: 7/12
  3214 | D:4      | Noticed Natasha
  3216 | D:4      | Killed Natasha
  3217 | D:4      | Reached skill level 7 in Earth Magic
  3248 | D:4      | Noticed Natasha
  3252 | D:4      | Killed Natasha
  3315 | D:4      | Identified the ring of the Rescuing Gods {Drain Fly rC+
                  | Int+3}
  3410 | D:4      | Noticed Duvessa
  3411 | D:4      | Noticed Dowan
  3427 | D:4      | HP: 1/32 [Duvessa/+0 short sword (6)]
  3432 | D:4      | Killed Duvessa
  3433 | D:4      | Reached XP level 7. HP: 29/36 MP: 0/13
  3446 | D:4      | Reached skill level 8 in Earth Magic
  3459 | D:4      | Killed Dowan
  3551 | D:4      | Noticed Pikel
  3560 | D:4      | Killed Pikel
  3561 | D:4      | Reached skill level 5 in Spellcasting
  3561 | D:4      | Reached skill level 9 in Earth Magic
  3561 | D:4      | Reached XP level 8. HP: 22/41 MP: 9/16
  3783 | D:4      | Noticed Natasha
  3788 | D:4      | Killed Natasha
  3904 | D:4      | Noticed Menkaure
  3908 | D:4      | Killed Menkaure
  3909 | D:4      | Reached skill level 10 in Earth Magic
  4236 | D:5      | Entered Level 5 of the Dungeon
  4478 | D:5      | Reached skill level 11 in Earth Magic
  4521 | D:5      | Found a blossoming altar of Fedhas.
  4550 | D:5      | Reached XP level 9. HP: 45/45 MP: 15/18
  4900 | D:5      | Identified the ring of Recklessness {rPois rCorr}
  5406 | D:6      | Found Kogi Giu's Jewellery Shop.
  5494 | D:6      | Found a stormy altar of Qazlal.
  5580 | D:6      | Found Gowotaf's General Store.
  5592 | D:6      | Noticed a hornet
  5596 | D:6      | Killed a hornet
  5597 | D:6      | Reached skill level 1 in Fighting
  5597 | D:6      | Reached skill level 1 in Shields
  5597 | D:6      | Reached skill level 1 in Conjurations
  5597 | D:6      | Reached skill level 12 in Earth Magic
  5608 | D:6      | Bought a +1 helmet of see invisible for 165 gold pieces
  5619 | D:6      | Bought a scroll of poison for 40 gold pieces
  5619 | D:6      | Bought a +0 pair of boots for 45 gold pieces
  6135 | D:7      | Found a sacrificial altar of Ru.
  6755 | D:7      | Found a runed translucent door.
  6756 | D:7      | Noticed Crazy Yiuf
  6868 | D:7      | Found a staircase to the Ecumenical Temple.
  6879 | D:7      | Reached skill level 1 in Armour
  7125 | D:7      | Killed Crazy Yiuf
  7306 | Temple   | Entered the Ecumenical Temple
  7499 | Temple   | Became a worshipper of Vehumet
  7744 | D:8      | Reached XP level 10. HP: 54/54 MP: 15/20
  9151 | D:9      | Noticed a two-headed ogre
  9199 | D:9      | Killed a two-headed ogre
  9506 | D:9      | Noticed a death yak
  9506 | D:9      | Noticed a death yak
  9585 | D:9      | Killed a death yak
  9678 | D:9      | Found a runed translucent gate.
  9679 | D:9      | Found a runed translucent gate.
  9680 | D:9      | Found a runed translucent gate.
  9681 | D:9      | Found an opulent altar of Gozag.
  9682 | D:9      | Found Asajiwag's Assorted Antiques.
  9682 | D:9      | Noticed patfeehan111222's ghost (journeyman MiBe)
  9684 | D:9      | Noticed a kobold demonologist
  9855 | D:9      | Found a staircase to the Lair.
  9856 | D:9      | Noticed a death yak
  9856 | D:9      | Noticed a death yak
  9873 | D:9      | Killed a death yak
 10046 | D:9      | Noticed a death yak
 10046 | D:9      | Noticed a death yak
 10060 | D:9      | Reached * piety under Vehumet
 10060 | D:9      | Offered knowledge of Foxfire by Vehumet.
 10061 | D:9      | Reached XP level 11. HP: 62/62 MP: 8/22
 10085 | D:9      | Killed a death yak
 10086 | D:9      | Reached skill level 5 in Stealth
 10366 | D:9      | Noticed a death yak
 10366 | D:9      | Noticed a death yak
 10412 | D:9      | Killed a death yak
 10418 | D:9      | Reached skill level 5 in Fighting
 10722 | D:9      | Killed a death yak
 10723 | D:9      | Reached skill level 5 in Conjurations
 10723 | D:9      | Reached skill level 13 in Earth Magic
 11224 | D:9      | Killed a death yak
 11400 | D:8      | Killed a death yak
 11401 | D:8      | Reached skill level 5 in Armour
 11404 | D:8      | Killed a death yak
 12044 | D:10     | Entered Level 10 of the Dungeon
 12044 | D:10     | Found a flagged portal.
 12076 | D:10     | Noticed a two-headed ogre
 12078 | D:10     | Killed a two-headed ogre
 12198 | Bailey   | Entered a bailey
 12922 | Bailey   | Reached ** piety under Vehumet
 12937 | Bailey   | Offered knowledge of Static Discharge by Vehumet.
 13037 | Bailey   | Reached XP level 12. HP: 70/70 MP: 19/24
 13255 | Bailey   | Identified the amulet "Zuig" {Faith +Inv Will+++ Dex-5}
 13767 | D:10     | Reached skill level 5 in Shields
 13789 | D:10     | Offered knowledge of Dazzling Flash by Vehumet.
 13910 | D:10     | Found Wuotiec's Distillery.
 13998 | D:10     | Found Riciriptacw's Weapon Shoppe.
 14006 | D:10     | Found Hur Zuef's Assorted Antiques.
 14017 | D:10     | Bought a scroll of identify for 68 gold pieces
 14017 | D:10     | Bought a scroll of enchant weapon for 255 gold pieces
 14018 | D:10     | Acquired the amulet of Vitality {RegenMP++ Regen++}
 14018 | D:10     | Found the amulet of Vitality {RegenMP++ Regen++}
 14094 | D:10     | Noticed a two-headed ogre
 14100 | D:10     | Killed a two-headed ogre
 14101 | D:10     | Reached skill level 5 in Dodging
 14168 | D:10     | Found Fubekuc's Assorted Antiques.
 14173 | D:10     | Bought a scroll of identify for 80 gold pieces
 14362 | D:10     | Found Itrav's Antique Weapon Shoppe.
 14769 | D:11     | Found a blossoming altar of Fedhas.
 14844 | D:11     | Found Kotwioney's Armour Boutique.
 14846 | D:11     | Found a staircase to the Orcish Mines.
 14847 | D:11     | Found Moonoc's Weapon Boutique.
 15883 | D:12     | Noticed Psyche
 15886 | D:12     | Killed Psyche
 15887 | D:12     | Reached skill level 14 in Earth Magic
 15889 | D:12     | Found Weploery's Distillery.
 15929 | D:12     | Bought a potion of heal wounds for 60 gold pieces
 15961 | D:12     | Noticed a boulder beetle
 15963 | D:12     | Noticed Josephine
 16127 | D:12     | Noticed Frances
 16140 | D:12     | Killed Frances
 16181 | D:12     | Reached XP level 13. HP: 76/76 MP: 19/26
 16239 | D:12     | Killed Josephine
 16816 | D:9      | Killed patfeehan111222's ghost
 16907 | Lair:1   | Entered Level 1 of the Lair of Beasts
 17424 | Lair:1   | You are sucked into a shaft and drop 1 floor!
 17581 | Lair:2   | Reached *** piety under Vehumet
 18068 | Lair:2   | Found a staircase to the Swamp.
 18110 | Lair:2   | Identified the +5 quarterstaff of Taxation {flame, Fragile
                  | Fly Str+4}
 18508 | Lair:3   | Offered knowledge of Fulminant Prism by Vehumet.
 18522 | Lair:2   | Learned a level 4 spell: Fulminant Prism
 18602 | Lair:3   | Reached skill level 10 in Spellcasting
 18653 | Lair:3   | Found a hole to the Spider Nest.
 19006 | Lair:3   | Gained mutation: Your large and strong wings let you fly.
                  | [Gargoyle growth]
 19006 | Lair:3   | Reached XP level 14. HP: 70/84 MP: 21/28
 19146 | Lair:3   | Got the Folio of the Body
 19240 | Lair:3   | Reached skill level 15 in Earth Magic
 19746 | Lair:4   | Noticed Rupert
 19757 | Lair:4   | Killed Rupert
 19898 | Lair:4   | Reached **** piety under Vehumet
 19901 | Lair:4   | Offered knowledge of Inner Flame by Vehumet.
 20180 | D:12     | Bought a potion of experience for 600 gold pieces
 20180 | D:12     | Reached skill level 10 in Conjurations
 20180 | D:12     | Reached XP level 15. HP: 90/90 MP: 29/29
 20430 | Lair:4   | Found a viscous altar of Jiyva.
 20431 | Lair:4   | Found a staircase to the Slime Pits.
 20583 | Lair:4   | Reached skill level 1 in Staves
 21229 | Lair:5   | Entered Level 5 of the Lair of Beasts
 21373 | Lair:4   | Reached skill level 1 in Evocations
 21888 | Lair:5   | Reached ***** piety under Vehumet
 21925 | Lair:5   | Offered knowledge of Conjure Ball Lightning by Vehumet.
 21945 | Lair:5   | Reached skill level 16 in Earth Magic
 22008 | Lair:5   | Identified the +1 trident of Blind Justice {protect, rElec
                  | SInv}
 22659 | Orc:1    | Entered Level 1 of the Orcish Mines
 23163 | Orc:2    | Entered Level 2 of the Orcish Mines
 23646 | Orc:2    | Found a staircase to the Elven Halls.
 23907 | Orc:1    | Reached XP level 16. HP: 96/97 MP: 29/30
 24122 | Orc:2    | Reached skill level 10 in Fighting
 24154 | Orc:2    | Found Tis Zet's General Store.
 24154 | Orc:2    | Found Hosusm's General Store.
 24156 | Orc:2    | Found Bimmelaq's Magic Scroll Boutique.
 24156 | Orc:2    | Found Jivae's Jewellery Emporium.
 24167 | Orc:2    | Bought a potion of heal wounds for 65 gold pieces
 24167 | Orc:2    | Bought a potion of curing for 39 gold pieces
 24331 | D:13     | Noticed Urug
 24331 | D:13     | Found a gate to the Vaults.
 24446 | D:12     | Offered knowledge of Airstrike by Vehumet.
 24489 | D:13     | Killed Urug
 24793 | D:13     | Reached skill level 10 in Armour
 25178 | D:13     | Found Hoaf's Distillery.
 25186 | D:13     | Bought a potion of curing for 30 gold pieces
 25186 | D:13     | Bought a potion of haste for 100 gold pieces
 25186 | D:13     | Bought a potion of curing for 30 gold pieces
 25186 | D:13     | Bought a potion of brilliance for 40 gold pieces
 25186 | D:13     | Bought 2 potions of brilliance for 80 gold pieces
 25186 | D:13     | Bought a potion of cancellation for 80 gold pieces
 25186 | D:13     | Bought a potion of curing for 30 gold pieces
 25730 | Abyss:2  | Cast into level 2 of the Abyss (a wizard)
 25877 | Abyss:3  | Found a corrupted altar of Lugonu.
 25928 | Abyss:3  | Gained mutation: You sometimes lose your temper in combat.
                  | [a cacodemon]
 26035 | D:14     | Escaped the Abyss
 27193 | D:15     | Entered Level 15 of the Dungeon
 27262 | D:15     | Reached skill level 10 in Shields
 27331 | D:15     | Reached XP level 17. HP: 104/104 MP: 32/32
 27590 | D:15     | Reached skill level 5 in Staves
 27705 | D:15     | Found a staircase to the Depths.
 27748 | D:15     | Found a shimmering blue altar of Sif Muna.
 27835 | D:15     | Learned a level 5 spell: Iskenderun's Battlesphere
 28032 | Spider:1 | Entered Level 1 of the Spider Nest
 28188 | Spider:1 | Offered knowledge of Lee's Rapid Deconstruction by Vehumet.
 28358 | Spider:1 | Learned a level 5 spell: Lee's Rapid Deconstruction
 28393 | Spider:1 | Reached ****** piety under Vehumet
 28394 | Spider:1 | Reached skill level 5 in Evocations
 28410 | Spider:1 | Reached skill level 17 in Earth Magic
 28478 | Spider:1 | Acquired 1373 gold pieces
 28491 | Spider:1 | Learned a level 4 spell: Iskenderun's Mystic Blast
 28495 | Spider:1 | Learned a level 3 spell: Hailstorm
 28892 | Spider:2 | Identified the +4 pair of gloves of the Wilderness {MP+9
                  | Int+6}
 30072 | Spider:3 | Offered knowledge of Freezing Cloud by Vehumet.
 30484 | Spider:4 | Entered Level 4 of the Spider Nest
 30562 | Spider:4 | Noticed Bai Suzhen
 30579 | Spider:4 | Noticed Arachne
 30583 | Spider:4 | Killed Bai Suzhen
 30612 | Spider:4 | Killed Arachne
 30660 | Spider:4 | Noticed Louise
 30684 | Abyss:3  | Noticed a tentacled starspawn
 30684 | Abyss:3  | Found a corrupted altar of Lugonu.
 30684 | Abyss:3  | Cast into level 3 of the Abyss (Louise)
 30690 | Abyss:3  | Killed a tentacled starspawn
 30701 | Abyss:3  | Noticed a kraken
 30725 | Abyss:3  | Reached XP level 18. HP: 88/111 MP: 33/34
 30745 | Spider:4 | Escaped the Abyss
 30766 | Spider:4 | Killed Louise
 31063 | Spider:4 | Offered knowledge of Iron Shot by Vehumet.
 31072 | Spider:4 | Noticed Agnes
 31092 | Spider:4 | Killed Agnes
 31710 | Spider:4 | Learned a level 6 spell: Iron Shot
 32041 | Spider:4 | Got a gossamer rune of Zot
 32346 | Swamp:1  | Entered Level 1 of the Swamp
 32448 | Swamp:1  | Identified the +1 pair of boots of the Lotus Blossom
                  | {Str+5}
 32582 | Swamp:1  | Reached skill level 18 in Earth Magic
 33222 | Swamp:2  | Noticed Donald
 33222 | Swamp:2  | Noticed Kirke
 33231 | Swamp:2  | Killed Donald
 33385 | Swamp:1  | Killed Kirke
 33628 | Swamp:2  | Identified the +6 great sword of Tiprorum {distort, rF+
                  | Will+}
 33632 | Swamp:2  | Identified Roxanne's Annotations on Excavation
 33632 | Swamp:2  | Noticed Roxanne
 33640 | Swamp:2  | Killed Roxanne
 33737 | Swamp:2  | Offered knowledge of Eringya's Noxious Bog by Vehumet.
 34781 | Swamp:3  | Identified the +1 robe "Tibakh" {Rampage rElec rN+ Str-5}
 35001 | Swamp:4  | Entered Level 4 of the Swamp
 35088 | Swamp:4  | Reached XP level 19. HP: 116/116 MP: 35/35
 35388 | Swamp:4  | Reached skill level 19 in Earth Magic
 35756 | Swamp:4  | Offered knowledge of Ignition by Vehumet.
 35909 | Swamp:4  | Reached skill level 15 in Conjurations
 35960 | Swamp:4  | Got a decaying rune of Zot
 36196 | Vaults:1 | Entered Level 1 of the Vaults
 37186 | Vaults:1 | Reached skill level 20 in Earth Magic
 37236 | Vaults:1 | Found a transporter.
 37236 | Vaults:1 | Found a transporter.
 37236 | Vaults:1 | Noticed Henlumuh's ghost (veteran NaIE)
 37296 | Vaults:1 | Offered knowledge of Lehudib's Crystal Spear by Vehumet.
 37296 | Vaults:1 | Offered knowledge of Fire Storm by Vehumet.
 37296 | Vaults:1 | Offered knowledge of Chain Lightning by Vehumet.
 38265 | Vaults:2 | Reached XP level 20. HP: 122/122 MP: 27/37
 38328 | Vaults:2 | Found a staircase to the Crypt.
 38723 | Vaults:2 | Noticed Margery
 38731 | Vaults:2 | Killed Margery
 39017 | Vaults:2 | Found a huge runed gate.
 39017 | Vaults:2 | Found a huge runed gate.
 39018 | Vaults:2 | Found a huge runed gate.
 39018 | Vaults:2 | Found a huge runed gate.
 39019 | Vaults:2 | Found a huge runed gate.
 39020 | Vaults:2 | Found a huge runed gate.
 39026 | Vaults:2 | Reached skill level 21 in Earth Magic
 39160 | Vaults:2 | Learned a level 8 spell: Lehudib's Crystal Spear
 39161 | Vaults:2 | Found a huge runed gate.
 39161 | Vaults:2 | Found a huge runed gate.
 39161 | Vaults:2 | Found a huge runed gate.
 39163 | Vaults:2 | Found a huge runed gate.
 39163 | Vaults:2 | Found a huge runed gate.
 39163 | Vaults:2 | Found a huge runed gate.
 39163 | Vaults:2 | Found a huge runed gate.
 39163 | Vaults:2 | Found a huge runed gate.
 39163 | Vaults:2 | Found a huge runed gate.
 39164 | Vaults:2 | Found a huge runed gate.
 39165 | Vaults:2 | Found a huge runed gate.
 39166 | Vaults:2 | Found a huge runed gate.
 39171 | Vaults:2 | Found a huge runed gate.
 39946 | Vaults:2 | Found a huge runed gate.
 39946 | Vaults:2 | Found a huge runed gate.
 39946 | Vaults:2 | Found a huge runed gate.
 39946 | Vaults:2 | Found a huge runed gate.
 39946 | Vaults:2 | Found a huge runed gate.
 39946 | Vaults:2 | Found a huge runed gate.
 39947 | Vaults:2 | Found a huge runed gate.
 39948 | Vaults:2 | Found a huge runed gate.
 39949 | Vaults:2 | Found a huge runed gate.
 39958 | Vaults:2 | Found a huge runed gate.
 39958 | Vaults:2 | Found a huge runed gate.
 39958 | Vaults:2 | Found a huge runed gate.
 39958 | Vaults:2 | Found a huge runed gate.
 39958 | Vaults:2 | Found a huge runed gate.
 39958 | Vaults:2 | Found a huge runed gate.
 39959 | Vaults:2 | Found a huge runed gate.
 39960 | Vaults:2 | Found a huge runed gate.
 40013 | Vaults:2 | Noticed a hellephant
 40121 | Vaults:2 | Killed a hellephant
 40252 | Vaults:2 | Identified the +6 morningstar of Tiru Lutuih {flame,
                  | Fragile MP+9 Dex+3}
 41301 | D:6      | Bought a +6 ring of intelligence for 504 gold pieces
 41703 | Vaults:3 | Reached XP level 21. HP: 128/128 MP: 19/39
 43966 | Vaults:1 | Killed Henlumuh's ghost
 44218 | Elf:1    | Entered Level 1 of the Elven Halls
 44222 | Elf:1    | Noticed Azrael
 44224 | Elf:1    | Killed Azrael
 44225 | Elf:1    | Reached skill level 22 in Earth Magic
 44230 | Elf:1    | Learned a level 4 spell: Leda's Liquefaction
 44367 | Elf:1    | Reached skill level 10 in Dodging
 44854 | Elf:1    | Got the Discourse on Productive Force
 44975 | Elf:1    | Found Leegefuh's Distillery.
 44978 | Elf:1    | Bought a potion of curing for 48 gold pieces
 44978 | Elf:1    | Bought a potion of cancellation for 128 gold pieces
 44978 | Elf:1    | Bought a potion of brilliance for 64 gold pieces
 44978 | Elf:1    | Bought a potion of haste for 160 gold pieces
 45081 | Elf:2    | Found Qydgh's General Store.
 45438 | Elf:2    | Reached XP level 22. HP: 135/135 MP: 9/40
 45573 | Elf:2    | Bought a wand of quicksilver (6) for 277 gold pieces
 45643 | Elf:2    | Found a runed translucent gate.
 45644 | Elf:2    | Found a runed translucent gate.
 45644 | Elf:2    | Found a runed translucent gate.
 45799 | Elf:2    | Noticed Zenata
 45804 | Elf:2    | Killed Zenata
 46007 | Elf:2    | Reached skill level 15 in Spellcasting
 46314 | Elf:3    | Entered Level 3 of the Elven Halls
 46528 | Elf:3    | Found Merix's Book Emporium.
 46755 | Elf:3    | Found Qumeguz's Jewellery Shoppe.
 46758 | Elf:3    | Bought the ring "Abaik" {rF+ Int+6 Slay-4 SInv} for 448
                  | gold pieces
 47525 | Elf:3    | Identified the ring "Iphusajiti" {rElec rPois rF+ SInv}
 47535 | Elf:3    | Identified the +1 great sword "Goonutz" {freeze, rF+ Will+
                  | Int+4}
 47578 | Elf:3    | Identified the amulet of Xom's Wantonness {Fly Will+
                  | Regen+}
 47612 | Elf:3    | Identified the +5 shortbow of Midnight {antimagic, *Slow
                  | Dex+8}
 47619 | Elf:3    | Identified the +8 spear of Ezabitopp {drain, rN++ Dex+7}
 47624 | Elf:3    | Identified the +1 cloak of Tulips {Dex+6}
 47642 | Elf:3    | Found the dreamshard necklace {*Dream Drain}
 47706 | Elf:3    | Identified the +4 glaive of Indomitability {venom, rF+
                  | rCorr Dex-3}
 47727 | Elf:3    | Learned a level 9 spell: Shatter
 47727 | Elf:3    | Identified the +6 chain mail of Integrity {rCorr Dex+2}
 48155 | Depths:1 | Entered Level 1 of the Depths
 48550 | Depths:1 | Noticed Aizul
 48555 | Depths:1 | Killed Aizul
 48605 | Depths:1 | Noticed the Enchantress
 48610 | Depths:1 | Killed the Enchantress
 48622 | Depths:1 | Reached skill level 23 in Earth Magic
 48645 | Depths:1 | Reached XP level 23. HP: 134/141 MP: 9/42
 48707 | Depths:1 | Found a one-way gateway to a ziggurat.
 48858 | Depths:1 | Found a gateway to Hell.
 49138 | Depths:1 | Identified the +6 dagger "Zaamevosh" {drain, *Slow rElec
                  | rC+ Int+6}
 49607 | Depths:2 | Reached skill level 15 in Armour
 49898 | Depths:2 | Found Reeluji's Magic Scroll Boutique.
 49906 | Depths:2 | Bought a scroll of blinking for 157 gold pieces
 49906 | Depths:2 | Bought a scroll of enchant armour for 157 gold pieces
 49906 | Depths:2 | Bought a scroll of enchant armour for 157 gold pieces
 49906 | Depths:2 | Bought a scroll of enchant armour for 157 gold pieces
 49929 | Depths:2 | Found Xaheppia's Book Shoppe.
 49951 | Depths:2 | Found Equutoh's Assorted Antiques.
 50045 | Depths:2 | Found a one-way gate leading to the halls of Pandemonium.
 50126 | Depths:2 | Identified the +4 quarterstaff "Yptimm" {heavy, Str+3
                  | Dex+3}
 50128 | Depths:2 | Identified the +5 ring mail "Peruboreba" {Fly Will- Stlth+}
 50131 | Depths:2 | Identified the +3 halberd "Wackutud" {elec, rPois}
 50140 | Depths:2 | Noticed a caustic shrike
 50160 | Depths:2 | Killed a caustic shrike
 50212 | Depths:2 | Found Cohuss's Magic Scroll Shoppe.
 50256 | Depths:2 | Identified the +10 sling of Arrival {freeze, rElec Will+++
                  | rCorr Int-3}
 50975 | Depths:3 | Found a one-way gate to the infinite horrors of the Abyss.
 51052 | Depths:3 | Reached skill level 10 in Staves
 51234 | Depths:3 | Noticed an ancient lich
 51239 | Depths:3 | Killed an ancient lich
 51289 | Depths:3 | Got the Essays on Lofty Conflict
 51786 | Depths:4 | Entered Level 4 of the Depths
 52157 | Depths:4 | Reached XP level 24. HP: 141/148 MP: 27/42
 52244 | Depths:4 | Found a gate to the Realm of Zot.
 52910 | Elf:1    | Bought a potion of heal wounds for 80 gold pieces
 52910 | Elf:1    | Bought a potion of heal wounds for 80 gold pieces
 53021 | D:9      | Bought a potion of curing for 75 gold pieces
 53061 | D:10     | Bought a potion of lignification for 102 gold pieces
 53061 | D:10     | Bought a scroll of teleportation for 102 gold pieces
 53061 | D:10     | Bought a potion of ambrosia for 272 gold pieces
 53061 | D:10     | Bought a potion of curing for 102 gold pieces
 53208 | Vaults:5 | Entered Level 5 of the Vaults
 53211 | Vaults:5 | Reached skill level 24 in Earth Magic
 53492 | Vaults:5 | Identified the +0 war axe "Aqos Link" {flame, *Rage rElec
                  | Will+++ Stlth-}
 53546 | Vaults:5 | Reached skill level 10 in Evocations
 54151 | Vaults:5 | Found Ewaiss's General Store.
 54164 | Vaults:5 | Bought a scroll of blinking for 112 gold pieces
 54164 | Vaults:5 | Bought a wand of quicksilver (4) for 252 gold pieces
 54164 | Vaults:5 | Bought a scroll of enchant armour for 112 gold pieces
 54183 | Vaults:5 | Reached skill level 15 in Fighting
 54320 | Vaults:5 | Identified the +2 pair of gloves "Xaytsefu" {Int+4 Dex+2
                  | Stlth+}
 54321 | Vaults:5 | Identified the ring "Vafiyzy" {Contam Fly rCorr Int+3
                  | Dex+2}
 54370 | Vaults:5 | Got a silver rune of Zot
 54371 | Vaults:5 | Identified the +0 robe of Happiness {Int-4 Dex+4}
 55279 | Slime:1  | Entered Level 1 of the Pits of Slime
 55486 | Slime:2  | Reached XP level 25. HP: 151/155 MP: 24/43
 55755 | Slime:2  | Gained mutation: Your body sometimes deteriorates upon
                  | taking damage. [a shining eye]
 55760 | Slime:2  | Paralysed by a floating eye for 4 turns
 56576 | Slime:3  | Gained mutation: You occasionally lose the ability to read
                  | scrolls when taking damage. [a shining eye]
 56715 | Slime:4  | Lost mutation: You sometimes lose your temper in combat. [a
                  | shining eye]
 56718 | Slime:4  | Gained mutation: You are clumsy. (Dex -2) [a shining eye]
 57835 | Slime:5  | Entered Level 5 of the Pits of Slime
 57954 | Slime:5  | Paralysed by a great orb of eyes for 2 turns
 57990 | Slime:5  | Noticed the Royal Jelly
 58345 | Zot:1    | Entered Level 1 of the Realm of Zot
 58805 | Zot:1    | You are sucked into a shaft and drop 1 floor!
 59885 | Zot:2    | Reached skill level 25 in Earth Magic
 60024 | Zot:2    | Identified the +7 bardiche "Qesowny" {protect, rF+}
 60590 | Zot:2    | Reached XP level 26. HP: 131/163 MP: 33/43
 61172 | Zot:3    | Noticed an orb of fire
 61584 | Zot:3    | Killed an orb of fire
 62044 | Zot:3    | Found a runed translucent door.
 62045 | Zot:3    | Noticed FexLirch's ghost (veteran SpEn)
 62095 | Zot:3    | Killed FexLirch's ghost
 62940 | Zot:4    | Acquired the ring of Qaockaqe {Contam rF+ Int+5}
 63162 | Zot:4    | Lost mutation: Your body sometimes deteriorates upon taking
                  | damage. [potion of mutation]
 63162 | Zot:4    | Lost mutation: You are clumsy. (Dex -2) [potion of
                  | mutation]
 63162 | Zot:4    | Lost mutation: You occasionally lose the ability to read
                  | scrolls when taking damage. [potion of mutation]
 63162 | Zot:4    | Gained mutation: You are strong-willed. (Will+) [potion of
                  | mutation]
 63162 | Zot:4    | Gained mutation: You have a pair of small horns on your
                  | head. [potion of mutation]
 64779 | Zot:5    | Entered Level 5 of the Realm of Zot
 64916 | Zot:5    | Found a runed translucent gate.
 65804 | Zot:5    | Found a runed translucent gate.
 65804 | Zot:5    | Found a runed translucent gate.
 65807 | Zot:5    | Noticed Vaid's ghost (master GnFi)
 65807 | Zot:5    | Noticed Voulohy's ghost (veteran TrCK)
 66093 | Zot:5    | Noticed an orb of fire
 66096 | Zot:5    | Killed an orb of fire
 66318 | Zot:5    | Noticed a Killer Klown
 66322 | Zot:5    | Killed a Killer Klown
 66359 | Zot:5    | Reached XP level 27. HP: 162/169 MP: 44/44
 66557 | Zot:5    | Noticed a dread lich
 66566 | Zot:5    | Killed a dread lich
 66568 | Zot:5    | Noticed an ancient lich
 66571 | Zot:5    | Killed an ancient lich
 67182 | Zot:5    | Noticed an orb of fire
 67210 | Zot:5    | Killed an orb of fire
 67435 | Zot:5    | Noticed an orb of fire
 67443 | Zot:5    | Killed an orb of fire
 67447 | Zot:5    | Noticed an ancient lich
 67456 | Zot:5    | Killed an ancient lich
 67456 | Zot:5    | Noticed an ancient lich
 67458 | Zot:5    | Killed an ancient lich
 68158 | Zot:5    | Got the Orb of Zot
 68247 | Zot:4    | Noticed Emiamn the pandemonium lord
 68871 | D:$      | Escaped with the Orb!

Illustrated notes

Levels and vault maps discovered:
D:1:      evilmike_arrival_rings, layout_loops_ring, hangedman_decor_points
D:2:      layout_basic, hellmonk_ecumenical_altar_pennies_from_heaven,
          minmay_circled_x, uniq_robin
D:3:      layout_basic, nicolae_overflow_hidden_temple,
          mainiacjoe_overflow_two_lobes, uniq_ijyb
D:4:      layout_loops_corners, nicolae_figureground_pulse, uniq_menkaure,
          uniq_pikel, uniq_natasha, uniq_blork_the_orc, uniq_duvessa
D:5:      layout_rooms, amcnicky_altar_gilded, nicolae_ossuary_entry_giza
D:6:      layout_loops_ring, mainiacjoe_overflow_tiny_flanked, serial_shops,
          shop, shop
D:7:      layout_basic, lemuel_crystal_altar, minmay_temple_entry_slanted,
          minmay_misc_feat_chi, uniq_crazy_yiuf_cottage
D:8:      layout_basic
D:9:      layout_basic, dpeg_lair_monsters, ebering_ghost_gozag
D:10:     layout_basic, enter_bailey_2, serial_shops, nicolae_lakefront_shop,
          shop, nicolae_shop_waterfront, shop, nicolae_shop_bloodbath_and_beyond
D:11:     layout_roguey, orc_david_3, chequers_arboretum, nicolae_benzene_ring,
          hangedman_decor_riveting, tgw_fedhas
D:12:     layout_basic, serial_shops, shop, uniq_josephine, uniq_psyche,
          uniq_frances
D:13:     layout_basic, david_vaults_3, serial_shops, shop
D:14:     minmay_tri_stars, layout_grid_maze, ebering_dispersal_statue_hall,
          hangedman_fish_farm
D:15:     hangedman_depths_entry_try_elsewhere_first, layout_cave_pools,
          led_sif_pool, corexii_corridor_pit
Temple:   nicolae_temple_slightly_damp_pantheon
Lair:1:   layout_hall_layers
Lair:2:   layout_roguey, minmay_swamp_entry_eels,
          lightli_volcano_entry_magma_tube
Lair:3:   layout_cave_pods, nicolae_spider_entry_lesser_pyramids, st_stairs_3,
          grunt_megastairs_5, infiniplex_staircase_pool
Lair:4:   layout_small_grid, minmay_slime_entry_pillars, grunt_megastairs_1,
          uniq_rupert
Lair:5:   gammafunk_lair_ancient_temple, layout_gridlike,
          chequers_serial_rivers_small_3
Swamp:1:  layout_falls_marsh, wheals_swamp_sinkhole
Swamp:2:  layout_basic_swamp, evilmike_swamp_ruin_rubble_2,
          nicolae_swamp_dragon_and_kin, uniq_roxanne, uniq_donald, uniq_kirke
Swamp:3:  layout_basic_swamp, nicolae_swamp_little_swirl, swamp_pool1
Swamp:4:  swamp_icy, layout_basic_swamp, infiniplex_staircase_pool_2
Spider:1: layout_spider_delve, drop_trap
Spider:2: layout_spider_delve, nicolae_spider_circle_web
Spider:3: layout_spider_delve, nicolae_spider_not_touching_you,
          hangedman_spider_tarantella_strand
Spider:4: guppyfry_spider_rune, uniq_louise, uniq_agnes, uniq_arachne,
          uniq_bai_suzhen
Slime:1:  layout_caves
Slime:2:  layout_caves, nicolae_slime_getting_an_eyeful
Slime:3:  layout_caves
Slime:4:  layout_caves, nicolae_slime_barrier
Slime:5
Orc:1:    layout_diamond_mine, serial_shops
Orc:2:    grunt_orc_tribal_feast, layout_caves
Elf:1:    layout_geoelf_octagon, serial_shops, shop, minmay_elf_sorcery,
          uniq_azrael
Elf:2:    nicolae_elf_blades_crystal_corner, layout_rooms, serial_shops, shop,
          uniq_zenata
Elf:3:    elf_hall, layout_gridlike, serial_shops, shop,
          nicolae_shop_behind_doors, corexii_hall_statues_i, grunt_megastairs_2
Vaults:1: gammafunk_ghost_arena, hangedman_vaults_slither, vaults_room_hallway,
          nicolae_vaults_ninety_degrees, hangedman_vaults_snaps,
          ontoclasm_vaults_chip, nicolae_vaults_angled_halls, v_misc_11,
          nicolae_vaults_little_ls, nicolae_vaults_network_s, v_misc_13,
          layout_vaults_omnibox
Vaults:2: ontoclasm_vaults_shuriken, vaults_dpeg_diagonal,
          nicolae_vaults_border_crossing, not_door_vault_due,
          hangedman_vaults_slice, v_rooms_2, v_rooms_5, hangedman_vaults_slice,
          minmay_crypt_entry_skeletal_spiral, ontoclasm_vaults_chip,
          layout_vaults_omnicross, uniq_margery
Vaults:3: nicolae_vaults_c_with_doors, v_pattern_3,
          nicolae_vaults_diagonal_hallway_7, nicolae_vaults_alarming,
          vaults_room_fancy_cross, layout_vaults_maze_snakey
Vaults:4: st_cells, v_misc_2, nicolae_vaults_stairing_the_circle,
          vaults_dpeg_spiral, nicolae_vaults_three_branches,
          grunt_vaults_twisty, ontoclasm_vaults_fault, layout_vaults_omnigrid
Vaults:5: serial_shops
Depths:1: layout_twisted_cross, enter_ziggurat_a, kennysheep_small_spiral,
          hell_entry, due_unseen_surprise, grunt_megastairs_4,
          serial_bayou_shore_a, serial_bayou_shore_b, uniq_aizul,
          uniq_enchantress
Depths:2: kennysheep_bubble_arena, layout_cave_pools,
          chequers_serial_rivers_micro_e, pan_entry,
          pf_vacation_house_of_asmodeus, serial_shops, shop, shop_scrolls, shop,
          nicolae_shop_statue_plus, nrook_kobold_shadow_demons
Depths:3: nicolae_hexawheel, layout_basic, abyss_entry_glasseish, hell_entry,
          minmay_librarian
Depths:4: grunt_zot_entry_pinwheel, layout_basic, hell_entry
Zot:1:    layout_basic
Zot:2:    layout_gridlike
Zot:3:    layout_concentric_octagons, gammafunk_ghost_grave
Zot:4:    layout_basic
Zot:5:    layout_gridlike, gammafunk_ghost_cemetery

Skill      XL: |  1  2  3  4  5  6  7  8  9 10 11 12 13 14 15 16 17 18 19 20 21 22 23 24 25 26 27 |
---------------+----------------------------------------------------------------------------------+-----
Earth Magic    | 4 5 6 7 9 11 12 13 14 15 16 17 18 20 21 22 23 24 25 | 25.9
Spellcasting   | 3 4 5 6 7 8 9 10 11 12 13 14 15 16 17 | 17.5
Fighting       | 2 4 6 7 8 9 10 11 12 13 14 15 16 17 | 17.1
Shields        | 2 4 6 7 8 9 10 11 12 13 | 13.5
Conjurations   | 2 4 6 7 8 10 11 12 14 16 17 18 19 20 21 22 | 22.8
Armour         | 1 3 5 7 8 9 10 11 12 13 14 15 17 18 | 18.9
Dodging        | 2 3 4 5 6 7 8 9 10 11 12 13 | 13.3
Stealth        | 4 5 |  5.0
Staves         | 2 4 6 7 8 9 10 11 12 13 | 13.5
Evocations     | 2 4 6 7 8 9 10 11 12 | 12.4
Transmutations | |  0.7

Action                     |  1- 3 |  4- 6 |  7- 9 | 10-12 | 13-15 | 16-18 | 19-21 | 22-24 | 25-27 || total
---------------------------+-------+-------+-------+-------+-------+-------+-------+-------+-------++-------
  Melee: Mace              |    14 |    17 |    11 |       |       |       |       |       |       ||    42
         Morningstar       |       |       |       |   262 |    44 |       |       |       |       ||   306
         Staff             |       |       |       |       |     4 |    33 |    19 |    42 |    61 ||   159
         Unarmed           |       |       |       |       |       |    10 |       |       |       ||    10
         Headbutt          |       |       |       |       |       |       |       |       |     3 ||     3
   Cast: Sandblast         |    28 |    74 |   128 |     8 |       |       |       |       |       ||   238
         Stone Arrow       |       |       |       |   297 |   584 |  1063 |       |       |       ||  1944
         Fulminant Prism   |       |       |       |       |    14 |       |       |       |       ||    14
         Iskenderun's Batt |       |       |       |       |       |     9 |    60 |    30 |    35 ||   134
         Lee's Rapid Decon |       |       |       |       |       |    21 |    18 |    32 |     7 ||    78
         Iron Shot         |       |       |       |       |       |   144 |   337 |       |       ||   481
         Lehudib's Crystal |       |       |       |       |       |       |   243 |   475 |   500 ||  1218
         Hailstorm         |       |       |       |       |       |       |     4 |     1 |       ||     5
         Iskenderun's Myst |       |       |       |       |       |       |     3 |     6 |       ||     9
         Shatter           |       |       |       |       |       |       |       |     2 |    17 ||    19
         Passwall          |       |       |       |       |       |       |       |       |    22 ||    22
  Evoke: Wand              |       |       |     1 |       |     1 |       |       |       |     1 ||     3
    Use: Potion            |       |     3 |     2 |     7 |     3 |    11 |     5 |     4 |    14 ||    49
         Scroll            |       |     9 |    13 |     9 |     6 |     2 |     4 |    11 |     1 ||    55
 Armour: Robe              |     7 |    17 |    15 |    19 |       |       |       |       |       ||    58
         Ring mail         |       |       |       |    45 |   147 |   566 |   136 |    20 |       ||   914
         Chain mail        |       |       |       |       |       |       |       |    66 |       ||    66
         Acid dragon scale |       |       |       |       |       |       |       |   108 |   128 ||   236
  Dodge: Dodged            |    20 |    51 |    45 |   135 |   231 |   481 |    84 |   117 |   109 ||  1273
  Block: Buckler           |       |       |     6 |    49 |   128 |   258 |       |       |       ||   441
         Tower shield      |       |       |       |       |       |   137 |       |       |       ||   137
         Kite shield       |       |       |       |       |       |     2 |   106 |   182 |   118 ||   408
         Reflection        |       |       |       |       |       |     2 |    24 |    45 |     6 ||    77

Table legend: (Time is in decaauts)
 A = Elapsed time spent in this place.
 B = Non-inter-level travel time spent in this place.
 C = Inter-level travel time spent in this place.
 D = Time resting spent in this place.
 E = Time spent auto-exploring this place.
 F = Levels seen in this place.
 G = Mean time per level.
                   A        B        C        D        E       F      G
               +--------+--------+--------+--------+--------+-----+--------+
         Total |  69386 |  61013 |   8373 |  10688 |  38660 |  57 | 1217.3 |
       Dungeon |  21422 |  18095 |   3327 |   2091 |  12626 |  15 | 1428.1 |
        Temple |    210 |    171 |     39 |      0 |    150 |   1 |  210.0 |
          Lair |   6143 |   5211 |    932 |    484 |   3751 |   5 | 1228.6 |
         Swamp |   3680 |   3447 |    233 |    500 |   2325 |   4 |  920.0 |
   Spider Nest |   4430 |   3899 |    531 |    804 |   2112 |   4 | 1107.5 |
    Slime Pits |   2776 |   2577 |    199 |    595 |   1488 |   5 |  555.2 |
  Orcish Mines |   1740 |   1537 |    203 |    418 |    784 |   2 |  870.0 |
   Elven Halls |   3844 |   3493 |    351 |    357 |   2385 |   3 | 1281.3 |
        Vaults |   9290 |   8235 |   1055 |   1734 |   4989 |   5 | 1858.0 |
        Depths |   5029 |   4141 |    888 |    214 |   3064 |   4 | 1257.2 |
           Zot |   9157 |   8544 |    613 |   3262 |   3986 |   5 | 1831.4 |
         Abyss |    365 |    365 |      0 |      0 |    198 |   3 |  121.7 |
        Bailey |   1295 |   1295 |      0 |    229 |    801 |   1 | 1295.0 |
               +--------+--------+--------+--------+--------+-----+--------+

Top non-repeatable levels by time:
   Zot:5: 3362 daAuts
     D:9: 3174 daAuts
Vaults:2: 2573 daAuts
Vaults:1: 2251 daAuts
   Zot:3: 2068 daAuts
    D:11: 1963 daAuts
Vaults:4: 1877 daAuts
     D:8: 1828 daAuts
Spider:4: 1822 daAuts
    D:14: 1772 daAuts
     D:4: 1657 daAuts
   Elf:3: 1567 daAuts
Depths:1: 1523 daAuts
  Lair:4: 1505 daAuts
     D:7: 1495 daAuts
